 Dungeon Crawl Stone Soup version 0.24-a0-271-ga0fc33f (webtiles) character file.

Game seed: 12450778059355326483

8 AngleWyrm the Caller (level 2, 20/20 HPs)
             Began as a Merfolk Summoner on Apr 23, 2019.
             Quit the game on level 1 of the Dungeon.
             The game lasted 00:04:58 (391 turns).

AngleWyrm the Caller (Merfolk Summoner)              Turns: 391, Time: 00:04:58

Health: 20/20      AC:  1    Str:  8    XL:     2   Next: 8%
Magic:  5/5        EV: 13    Int: 14    God:
Gold:   55         SH:  0    Dex: 14    Spells: 4/5 levels left

rFire    . . .     SeeInvis .   g - +0 dagger
rCold    . . .     Gourm    .   (no shield)
rNeg     . . .     Faith    .   a - +0 robe
rPois    .         Spirit   .   (no helmet)
rElec    .         Reflect  .   (no cloak)
rCorr    .         Harm     .   (no gloves)
MR       .....                  h - -2 pair of boots (curse)
Stlth    ++........             (no amulet)
HPRegen  0.06/turn              (no ring)
MPRegen  0.09/turn              (no ring)

@: no status effects
A: change form in water, swift swim, stealthy swim
a: no special abilities


You were on level 1 of the Dungeon.
You were not hungry.

You visited 1 branch of the dungeon, and saw 1 of its levels.

You collected 55 gold pieces.

Inventory:

Hand Weapons
 b - a +0 whip
 g - a +0 dagger (weapon)
Missiles
 d - 14 stones (quivered)
Armour
 a - a +0 robe (worn)
 h - a cursed -2 pair of boots (worn)
Potions
 e - a potion of ambrosia {unknown}
Comestibles
 c - a ration
 f - 4 chunks of flesh


   Skills:
 + Level 0.4 Fighting
 + Level 2.7 Dodging
 + Level 2.3 Stealth
 + Level 2.0 Spellcasting
 + Level 4.3 Summonings


You had 4 spell levels left.
You knew the following spells:

 Your Spells              Type           Power        Failure   Level  Hunger
a - Summon Small Mammal   Summ           ##..         4%          1    ##.....

Your spell library contained the following spells:

 Spells                   Type           Power        Failure   Level  Hunger
 Call Imp                 Summ           ##......     6%          2    ###....
 Call Canine Familiar     Summ           ##......     12%         3    ####...
 Summon Guardian Golem    Hex/Summ       #.......     30%         3    ####...
 Summon Ice Beast         Ice/Summ       #.......     69%         4    #####..
 Summon Lightning Spire   Summ/Air       #.......     69%         4    #####..


Dungeon Overview and Level Annotations

Branches:
Dungeon (1/15)

Altars:


Message History

You start resting.
Some of the chunks of flesh in your inventory have rotted away. x2
HP restored.
Found a pair of boots.
Found 11 gold pieces.
You see here a pair of boots.
h - a pair of boots Wield which item (- for none, * to show all)? (? for menu, Esc to quit)
That's the wrong kind of item! (Use * to select it.) Wield which item (- for none, * to show all)? (? for menu, Esc to quit)
You don't have any such object.
Wield which item (- for none, * to show all)? (? for menu, Esc to quit)
Okay, then.
Wear which item? (? for menu, Esc to quit)
You start putting on your armour.
You continue putting on your pair of boots. x4
You finish putting on your cursed -2 pair of boots.
Oops, that feels deathly cold.
You now have 55 gold pieces (gained 11).
Are you sure you want to abandon this character and quit the game? (Confirm with "yes".)

.......## #...#..##)##.....
##......# #...##..##.#..##..
#.##...## #...##...###..# .#
#.#P...P###............###.#
#.##...##.........#........#
#.#P...P#......>..#........#
..##...##.........#.........
..#P...P#.................##
##...## ....#@..#.......#
#P...P#.........#.......#
##...##.........#.......#
#P...P###.##.##.#########
##...## # #. ... #.<.# ##
#.#. ##### #.#.# .# #


There were no monsters in sight!

Vanquished Creatures
  A bat (D:1)
  2 hobgoblins (D:1)
  A kobold (D:1)
  A frilled lizard (D:1)
5 creatures vanquished.

Vanquished Creatures (collateral kills)
  A goblin (D:1)
  A hobgoblin (D:1)
  A frilled lizard (D:1)
3 creatures vanquished.

Grand Total: 8 creatures vanquished

Notes
Turn   | Place    | Note
-------+----------+-------------------------------------------
     0 | D:1      | AngleWyrm the Merfolk Summoner began the quest for the Orb.
     0 | D:1      | Reached XP level 1. HP: 13/13 MP: 3/3
   233 | D:1      | Reached XP level 2. HP: 12/20 MP: 1/5
   391 | D:1      | Quit the game

Levels and vault maps discovered:
D:1:      minmay_arrival_plants_in_alcoves, layout_loops_cross, minmay_cupped

Action                   || total
-------------------------++-------
Melee: Whip              ||    19
 Cast: Summon Small Mamm ||     4
  Use: Scroll            ||     1
Armor: Robe              ||     2
Dodge: Dodged            ||    18

Table legend:
 A = Non-vault XP
 B = Vault XP
 C = Vault XP percentage of total XP
 D = Non-vault monster count
 E = Vault monster count
 F = Vault count percentage of total count
                 A         B        C        D         E       F
            +---------+---------+-------+---------+---------+-------
      Total |       7 |       5 |  41.7 |       4 |       4 |  50.0
            +---------+---------+-------+---------+---------+-------
        D:1 |       7 |       5 |  41.7 |       4 |       4 |  50.0
            +---------+---------+-------+---------+---------+-------
